 Dungeon Crawl Stone Soup version 0.23-b1-6-ga921848b48 (webtiles) character file.

Game seed: 5892174243121781291

50719 Ihlosi the Basher (level 14, -2/92 HPs)
             Began as a Kobold Fighter on Feb 1, 2019.
             Was a Follower of the Shining One (penitent).
             Slain by a profane servitor
             ... wielding a +3 demon whip
              (3 damage)
             ... while paralysed by a floating eye
             ... on level 3 of the Abyss.
             The game lasted 01:17:53 (25864 turns).

Ihlosi the Basher (Kobold Fighter)                 Turns: 25864, Time: 01:17:54

Health: -2/92      AC: 19    Str: 19    XL:     14   Next: 98%
Magic:  18/18      EV:  3    Int: 12    God:    the Shining One [*]
Gold:   929        SH:  0    Dex: 21    Spells: 12/13 levels left

rFire    . . .     SeeInvis .   a - +2 flail (protect)
rCold    . . .     Gourm    .   (shield restricted)
rNeg     . . .     Faith    .   D - +3 troll leather armour {Snorg}
rPois    .         Spirit   .   E - +0 helmet {Int+3}
rElec    .         Reflect  +   J - +0 cloak of Happiness {Dex+2}
rCorr    .         Harm     .   (no gloves)
MR       ++...                  c - +0 pair of boots
Stlth    +.........             T - brooch of Shielding {Reflect SH+8}
HPRegen  0.65/turn              M - ring of protection from magic
MPRegen  0.16/turn              X - +5 ring of dexterity

@: paralysed, lethally poisoned (-2 -> -23), about to teleport, protection aura,
wreathed by umbra, silenced, very slow
A: small, carnivore
a: Renounce Religion


You were on level 3 of the Abyss.
You worshipped the Shining One.
The Shining One was demanding penance.
You were completely stuffed.

You visited 3 branches of the dungeon, and saw 17 of its levels.
You visited the Abyss 1 time.
You also visited: Ice Cave.

You collected 1347 gold pieces.
You spent 418 gold pieces at shops.

Inventory:

Hand Weapons
 a - a +2 flail of protection (weapon)
 o - a +2 dagger of speed
 r - a +0 hand crossbow
 s - the +9 quarterstaff "Pet Tugh" {distort, Int+6}
   (You found it on level 11 of the Dungeon)

   It warps and distorts space around it.
   Unwielding it can cause banishment or high damage.
   It affects your intelligence (+6).
 H - a +0 morningstar
 O - a +2 blowgun
 R - a +2 eveningstar of draining
 Z - the +4 short sword "Exil" {flame, rC+++ rN+ Int+4}
   (You found it on level 11 of the Dungeon)

   It has been specially enchanted to burn those struck by it, causing extra
   injury to most foes and up to half again as much damage against particularly
   susceptible opponents.
   It affects your intelligence (+4).
   It renders you almost immune to cold.
   It protects you from negative energy.
Missiles
 y - 102 stones (quivered)
 L - 123 bolts
 P - 4 curare-tipped needles
 S - 29 poisoned needles
Armour
 c - a +0 pair of boots (worn)
 d - +0 fire dragon scales
 i - a +2 robe of cold resistance
 B - a +0 buckler
 D - a +3 troll leather armour (worn) {Snorg}
 E - a +0 helmet of intelligence (worn)
 J - the +0 cloak of Happiness (worn) {Dex+2}
   (You found it on level 6 of the Dungeon)

   It affects your dexterity (+2).
 U - +0 steam dragon scales
Jewellery
 g - an uncursed ring of ice
 h - an uncursed ring of positive energy
 j - an uncursed ring of protection from magic
 n - an uncursed ring of protection from cold
 t - an uncursed ring of wizardry
 w - the ring of Agauda Hemi {-Tele rF++ SInv}
   (You found it in an ice cave)

   [ring of see invisible]

   It greatly protects you from fire.
   It lets you see invisible.
   It prevents most forms of teleportation.
 M - a ring of protection from magic (left hand)
 T - the brooch of Shielding (around neck) {Reflect SH+8}
   (You found it on level 10 of the Dungeon)

   [amulet of reflection]

   It shields you and reflects attacks.
   It affects your SH (+8).
 W - an uncursed ring of protection from cold
 X - a +5 ring of dexterity (right hand)
 Y - an uncursed ring of fire
Wands
 p - a wand of flame (22)
 u - a wand of disintegration (1)
 V - a wand of enslavement (26)
Scrolls
 b - a scroll of fear
 e - 5 scrolls of remove curse
 m - 3 scrolls of amnesia
 q - 5 scrolls of enchant weapon
 x - a scroll of summoning
 K - 5 scrolls of identify
 N - a scroll of fog
Potions
 k - a potion of cancellation
 l - 2 potions of resistance
 z - 3 potions of brilliance
 A - 2 potions of mutation
 C - a potion of might
 F - a potion of agility
 G - 4 potions of lignification
 I - 2 potions of flight
 Q - 2 potions of magic
Comestibles
 f - 29 rations


   Skills:
 * Level 12.1 Fighting
 * Level 14.2 Maces & Flails
 * Level 9.3 Armour
 * Level 10.4 Dodging
 - Level 6.0 Shields
 * Level 4.3 Invocations
 - Level 6.0 Evocations


You had 12 spell levels left.
You knew the following spells:

 Your Spells              Type           Power        Failure   Level  Hunger
a - Apportation           Tloc           #.....       36%         1    ##.....

Your spell library contained the following spells:

 Spells                   Type           Power        Failure   Level  Hunger
 Animate Skeleton         Necr           N/A          36%         1    ##.....
 Confusing Touch          Hex            #.....       36%         1    ##.....
 Sting                    Conj/Pois      #...         36%         1    ##.....
 Summon Small Mammal      Summ           #...         36%         1    ##.....
 Call Imp                 Summ           #.......     50%         2    ###....
 Poisonous Vapours        Pois/Air       #.....       50%         2    ###....
 Sublimation of Blood     Necr           #.........   50%         2    ###....
 Throw Frost              Conj/Ice       #.....       50%         2    ###....
 Call Canine Familiar     Summ           #.......     75%         3    ####...
 Confuse                  Hex            #.......     75%         3    ####...
 Gell's Gravitas          Tloc           #.........   75%         3    ####...
 Regeneration             Chrm/Necr      #.........   75%         3    ####...
 Summon Guardian Golem    Hex/Summ       #.......     75%         3    ####...
 Vampiric Draining        Necr           #.........   75%         3    ####...
 Fulminant Prism          Conj/Hex       #.........   98%         4    #####..
 Olgreb's Toxic Radiance  Pois           #.......     98%         4    #####..
 Petrify                  Tmut/Erth      #.......     98%         4    #####..
 Summon Ice Beast         Ice/Summ       #.......     98%         4    #####..
 Summon Lightning Spire   Summ/Air       #.......     98%         4    #####..
 Bolt of Magma            Conj/Fire/Erth #.........   100%        5    ######.
 Iskenderun's Battlesphe  Conj/Chrm      #.......     100%        5    ######.
 Metabolic Englaciation   Hex/Ice        #.........   100%        5    ######.
 Venom Bolt               Conj/Pois      #.........   100%        5    ######.
 Yara's Violent Unravell  Hex/Tmut       #.........   100%        5    ######.
 Freezing Cloud           Conj/Ice/Air   #.........   100%        6    #######
 Iron Shot                Conj/Erth      #.........   100%        6    #######
 Poison Arrow             Conj/Pois      #.........   100%        6    #######
 Orb of Destruction       Conj           #.........   100%        7    #######
 Spellforged Servitor     Conj/Summ      #.........   100%        7    #######
 Chain Lightning          Conj/Air       #.........   100%        8    #######
 Lehudib's Crystal Spear  Conj/Erth      #.........   100%        8    #######
 Fire Storm               Conj/Fire      #.........   100%        9    #######
 Glaciate                 Conj/Ice       #.........   100%        9    #######


Dungeon Overview and Level Annotations

Branches:
Dungeon (11/15)            Temple (1/1) D:5            Lair (5/6) D:8
  Swamp (0/4) Lair:3        Snake (0/4) Lair:4        Slime (0/5) Lair:5
    Orc (0/2) D:9

Altars:
Ashenzari
Cheibriados
Dithmenos
Elyvilon
Fedhas
Gozag
Hepliaklqana
Kikubaaqudgha
Makhleb
Nemelex Xobeh
Okawaru
Qazlal
Ru
Sif Muna
Trog
Uskayaw
Vehumet
Wu Jian
Xom
Yredelemnul
Zin
The Shining One

Shops:
D:5 :?[=*   D:10 ?!(%*


Innate Abilities, Weirdness & Mutations

You are small and have problems with some larger weapons.
You are carnivorous and can eat meat at any time.


Message History

* * * LOW HITPOINT WARNING * * *
You feel sick.
You kill the ettin!
The floating eye gazes piercingly through you!
You shrug off the repeated paralysis!
You are engulfed in poison gas.
You are more poisoned.
* * * LOW HITPOINT WARNING * * *
You feel sick.
You are engulfed in poison gas.
You are lethally poisoned!
* * * LOW HITPOINT WARNING * * *
You feel very sick.
The profane servitor hits you with a +3 demon whip!
* * * LOW HITPOINT WARNING * * *
The profane servitor draws strength from your injuries!
The profane servitor hits you but does no damage.
The flayed ghost barely misses you.
The profane servitor hits you with a +3 demon whip.
You die... ... .. #. .. ##### ##.#### #@#..# #A#W## .C# ZW#

...##X##G#
.....#≈#
C.#
...#.##
.## .... .
##. ....#≈
#$#. # #
##


You could see a profane servitor, 2 ettins, a flayed ghost, a silent spectre, a
floating eye and an ettin skeleton.

Vanquished Creatures
  Gastronok (Lair:2)
  A frost giant (IceCv)
  An ettin (Abyss:3)
  A fire dragon (D:8)
  Snorg (D:10)
  Fannar (Lair:1)
  An ogre mage (D:8)
  7 hydras
  Harold (D:11)
  6 death yaks
  4 two-headed ogres
  A glowing orange brain (Lair:1)
  2 centaur zombies (D:11)
  2 black mambas
  An ice statue (IceCv)
  5 spiny frogs
  A gargoyle (D:10)
  8 komodo dragons
  3 rime drakes
  20 polar bears
  A troll (D:10)
  Grinder (D:4)
  13 blink frogs
  A hornet (D:10)
  5 hippogriffs
  6 dream sheep
  A wyvern (D:10)
  Sigmund (D:3)
  36 yaks
  2 basilisks
  A human (shapeshifter) (Lair:1)
  2 humans
  2 hungry ghosts
  2 steam dragons
  A swamp worm (Lair:3)
  5 nagas (Lair:4)
  10 water moccasins
  8 porcupines
  A black bear (D:10)
  4 orc warriors
  3 phantoms
  3 sky beasts
  A necrophage (D:10)
  2 ice beasts
  2 ogres
  6 centaurs
  13 wolves (IceCv)
  11 crocodiles
  A gnoll sergeant (D:8)
  15 bullfrogs
  4 big kobolds
  3 scorpions
  3 killer bees (D:8)
  An electric eel (D:10)
  5 howler monkeys
  2 crimson imps (D:7)
  6 hounds
  Crazy Yiuf (D:3)
  6 bullfrog skeletons
  5 jellies
  4 orc priests
  A gnoll shaman (D:8)
  3 centaur skeletons
  4 iguanas
  8 orc wizards
  6 worker ants
  A killer bee zombie (D:6)
  A hound skeleton (D:9)
  A worker ant zombie (D:8)
  19 gnolls
  9 adders
  2 shadow imps
  12 white imps (Lair:5)
  An ooze (Lair:5)
  2 adder skeletons
  4 worms
  5 leopard geckos
  53 orcs
  2 giant cockroaches
  7 goblins
  5 hobgoblins
  14 jackals
  4 quokkas
  2 ball pythons
  7 bats
  5 frilled lizards
  31 kobolds
  5 rats
482 creatures vanquished.

Vanquished Creatures (others)
  2 polar bears (IceCv)
  3 wolves (IceCv)
  27 fungi
  10 plants
42 creatures vanquished.

Grand Total: 524 creatures vanquished

Notes
Turn   | Place    | Note
-------+----------+-------------------------------------------
     0 | D:1      | Ihlosi the Kobold Fighter began the quest for the Orb.
     0 | D:1      | Reached XP level 1. HP: 14/14 MP: 1/1
   176 | D:1      | Reached XP level 2. HP: 18/19 MP: 2/2
   382 | D:1      | Found a glowing golden altar of the Shining One.
   428 | D:1      | Became a worshipper of the Shining One
   440 | D:1      | Reached skill level 2 in Maces & Flails
   723 | D:1      | Reached XP level 3. HP: 13/23 MP: 3/3
  1510 | D:2      | Reached XP level 4. HP: 22/29 MP: 4/4
  1645 | D:2      | Reached skill level 1 in Dodging
  1857 | D:2      | Found a glowing silver altar of Zin.
  2129 | D:3      | Noticed Sigmund
  2144 | D:3      | Killed Sigmund
  2144 | D:3      | Reached skill level 3 in Maces & Flails
  2144 | D:3      | Reached XP level 5. HP: 23/33 MP: 5/5
  2144 | D:3      | Reached XP level 6. HP: 27/38 MP: 6/6
  2819 | D:3      | Found a runed translucent door.
  2820 | D:3      | Noticed Crazy Yiuf
  2832 | D:3      | Killed Crazy Yiuf
  2994 | D:4      | Reached * piety under the Shining One
  3041 | D:3      | Reached XP level 7. HP: 43/43 MP: 7/7
  3147 | D:3      | Reached skill level 4 in Maces & Flails
  3452 | D:4      | Noticed Grinder
  3461 | D:5      | Entered Level 5 of the Dungeon
  3461 | D:5      | Found Syluyphu's Jewellery Shop.
  3832 | D:5      | Found Enousk's Book Shoppe.
  3859 | D:5      | Found Yfatt's Magic Scroll Boutique.
  3917 | D:5      | Found Cuenerph's Antique Armour Shoppe.
  3920 | D:5      | Bought a runed helmet for 195 gold pieces
  3949 | D:5      | Found Edwor's General Store.
  3953 | D:5      | Bought a potion of degeneration for 13 gold pieces
  3976 | D:5      | Found a staircase to the Ecumenical Temple.
  3983 | Temple   | Entered the Ecumenical Temple
  4372 | D:5      | Reached XP level 8. HP: 32/48 MP: 8/8
  4730 | D:4      | Killed Grinder
  4730 | D:4      | Reached skill level 5 in Maces & Flails
  5122 | D:6      | Got a shimmering cloak
  5133 | D:6      | Identified the cursed +0 cloak of Happiness {Dex+2} (You
                  | found it on level 6 of the Dungeon)
  5140 | D:6      | Reached skill level 5 in Fighting
  5140 | D:6      | Reached skill level 6 in Maces & Flails
  5513 | D:7      | Reached ** piety under the Shining One
  5569 | D:7      | Reached XP level 9. HP: 34/54 MP: 9/9
  5799 | D:7      | Found a hazy altar of Hepliaklqana.
  5876 | D:7      | Reached skill level 7 in Maces & Flails
  6417 | D:7      | Reached skill level 5 in Shields
  7160 | D:8      | Noticed a hippogriff
  7309 | D:8      | Reached skill level 5 in Armour
  7406 | D:8      | Noticed a two-headed ogre
  7417 | D:8      | Killed a two-headed ogre
  7417 | D:8      | Reached skill level 8 in Maces & Flails
  7417 | D:8      | Reached skill level 5 in Dodging
  7417 | D:8      | Reached XP level 10. HP: 37/60 MP: 10/10
  7715 | D:8      | Noticed a two-headed ogre
  7732 | D:8      | Killed a two-headed ogre
  7827 | D:8      | Found a staircase to the Lair.
  7828 | D:8      | Noticed a komodo dragon
  7892 | D:8      | Killed a komodo dragon
  8015 | D:8      | Reached skill level 1 in Evocations
  8242 | D:8      | Reached skill level 9 in Maces & Flails
  8420 | D:8      | Noticed a two-headed ogre
  8438 | D:8      | Killed a two-headed ogre
  8438 | D:8      | Reached XP level 11. HP: 30/67 MP: 12/12
  9000 | D:8      | Reached *** piety under the Shining One
  9103 | D:8      | Noticed a fire dragon
  9138 | Lair:1   | Entered Level 1 of the Lair of Beasts
  9274 | Lair:1   | Noticed Sonja
  9279 | Lair:1   | Noticed Sonja
  9279 | Lair:1   | Sonja changed into Sonja the shapeshifter
  9280 | Lair:1   | Noticed Sonja
  9280 | Lair:1   | Sonja the shapeshifter changed into Sonja the wind drake
  9282 | Lair:1   | Noticed Sonja
  9282 | Lair:1   | Sonja the wind drake changed into Sonja the harpy
  9301 | Lair:1   | Noticed Sonja
  9301 | Lair:1   | Sonja the harpy changed into Sonja the spiny frog
  9303 | Lair:1   | Noticed Sonja
  9303 | Lair:1   | Sonja the spiny frog changed into Sonja the human
  9313 | Lair:1   | Killed Sonja the human
  9570 | Lair:1   | Noticed Urug
  9574 | Lair:1   | Noticed Urug
  9574 | Lair:1   | Urug changed into Urug the glowing orange brain
  9588 | Lair:1   | Killed Urug the glowing orange brain
  9588 | Lair:1   | Reached skill level 10 in Maces & Flails
 10187 | Lair:1   | Noticed an eight-headed hydra
 11510 | Lair:2   | Noticed Gastronok
 11543 | Lair:2   | Killed Gastronok
 11543 | Lair:2   | Reached XP level 12. HP: 49/75 MP: 15/15
 11883 | Lair:2   | Found a sacrificial altar of Ru.
 11910 | Lair:2   | Reached skill level 11 in Maces & Flails
 12147 | Lair:2   | You fall through a shaft for 2 floors!
 12147 | Lair:4   | Noticed a death yak
 12147 | Lair:4   | Noticed a death yak
 12147 | Lair:4   | Noticed a death yak
 12148 | Lair:4   | Noticed a death yak
 12246 | Lair:3   | Got a polished quarterstaff
 12260 | Lair:3   | You fall through a shaft!
 12502 | Lair:3   | Reached skill level 5 in Evocations
 13332 | Lair:3   | Reached **** piety under the Shining One
 13879 | Lair:3   | Noticed a five-headed hydra
 13901 | Lair:3   | Killed a five-headed hydra
 13901 | Lair:3   | Reached skill level 12 in Maces & Flails
 13958 | Lair:3   | Noticed an eight-headed hydra
 13971 | Lair:3   | Killed an eight-headed hydra
 14215 | Lair:3   | Found a staircase to the Swamp.
 14332 | Lair:3   | Reached XP level 13. HP: 73/80 MP: 17/17
 14943 | Lair:4   | Found a staircase to the Snake Pit.
 15363 | Lair:2   | Identified the +3 quarterstaff of Truncation {venom, SInv}
                  | (You found it on level 3 of the Lair of Beasts)
 15581 | Lair:4   | Noticed a seven-headed hydra
 15588 | Lair:4   | Killed a seven-headed hydra
 15743 | Lair:4   | Reached skill level 10 in Fighting
 16331 | Lair:5   | Noticed an eight-headed hydra
 16404 | Lair:5   | Noticed a four-headed hydra
 16418 | Lair:5   | Killed a four-headed hydra
 16456 | Lair:5   | Noticed a seven-headed hydra
 16568 | Lair:5   | Found a frozen archway.
 16732 | IceCv    | Entered an ice cave
 16732 | IceCv    | Reached ***** piety under the Shining One
 17358 | IceCv    | Reached skill level 13 in Maces & Flails
 17521 | IceCv    | Identified the Grimoire of Sinister Poison
 17528 | IceCv    | Learned a level 1 spell: Apportation
 17574 | IceCv    | Reached skill level 1 in Invocations
 18114 | IceCv    | Reached XP level 14. HP: 64/88 MP: 18/18
 18463 | IceCv    | Noticed a frost giant
 18482 | IceCv    | Killed a frost giant
 18538 | IceCv    | HP: 2/90 [polar bear (5)]
 19129 | IceCv    | Got a flickering tin ring
 19280 | Lair:5   | Found an iron altar of Okawaru.
 19882 | Lair:4   | Identified the ring of Agauda Hemi {-Tele rF++ SInv} (You
                  | found it in an ice cave)
 20076 | Lair:1   | HP: 1/90 [eight-headed hydra (8)]
 20703 | Lair:1   | Noticed Fannar
 21152 | Lair:1   | Killed Fannar
 22524 | D:9      | Was placed under penance by the Shining One
 23531 | D:9      | Found a staircase to the Orcish Mines.
 23598 | D:10     | Entered Level 10 of the Dungeon
 23688 | D:10     | Found Bonaef's Distillery.
 23693 | D:10     | Bought a potion of heal wounds for 70 gold pieces
 23693 | D:10     | Bought a potion of heal wounds for 70 gold pieces
 23693 | D:10     | Bought a potion of flight for 42 gold pieces
 23707 | D:10     | Found an iron altar of Okawaru.
 23725 | D:10     | Found Beghot's Food Shop.
 23760 | D:10     | Found Opekh's Weapon Boutique.
 23789 | D:10     | Found Qauraschu's Magic Scroll Emporium.
 23825 | D:10     | Bought a scroll of fog for 28 gold pieces
 23874 | D:10     | Noticed Snorg
 23891 | D:10     | Killed Snorg
 24268 | D:10     | Reached skill level 14 in Maces & Flails
 24529 | D:10     | Found the brooch of Shielding {Reflect SH+8}
 24705 | D:10     | Reached skill level 10 in Dodging
 24745 | D:10     | Found Riddoloaq's General Store.
 24920 | D:10     | Identified the Disquisition on Vitriolic Attacks
 25197 | D:11     | Noticed Harold
 25251 | D:11     | Killed Harold
 25587 | D:11     | Got a polished quarterstaff
 25838 | D:11     | Got a slimy short sword
 25840 | D:11     | Identified the +4 short sword "Exil" {flame, rC+++ rN+
                  | Int+4} (You found it on level 11 of the Dungeon)
 25847 | D:11     | Identified the +9 quarterstaff "Pet Tugh" {distort, Int+6}
                  | (You found it on level 11 of the Dungeon)
 25848 | D:11     | Cast into level 3 of the Abyss (a distortion unwield)
 25860 | Abyss:3  | Noticed a profane servitor
 25860 | Abyss:3  | Paralysed by a floating eye for 4 turns
 25864 | Abyss:3  | HP: 1/92 [profane servitor/+3 demon whip (15)]
 25864 | Abyss:3  | Slain by a profane servitor

Skill      XL: |  1  2  3  4  5  6  7  8  9 10 11 12 13 14 |
---------------+-------------------------------------------+-----
Maces & Flails | 2 3 4 6 8 9 10 12 13 14 | 14.2
Dodging        | 2 3 5 6 7 8 9 10 | 10.4
Fighting       | 4 5 6 7 8 9 10 12 | 12.1
Armour         | 3 4 5 6 7 8 9 |  9.3
Shields        | 3 4 5 6 |  6.0
Evocations     | 2 4 5 6 |  6.0
Invocations    | 1 4 |  4.3

Action                   |  1- 3 |  4- 6 |  7- 9 | 10-12 | 13-15 || total
-------------------------+-------+-------+-------+-------+-------++-------
Melee: Flail             |   141 |   149 |   333 |   652 |  1259 ||  2534
       Dagger            |       |       |       |     1 |       ||     1
 Fire: Blowgun           |       |       |       |    15 |     7 ||    22
Throw: Throwing net      |       |       |       |     1 |       ||     1
Evoke: Wand              |       |       |     4 |    12 |    27 ||    43
  Use: Potion            |       |     1 |     2 |     7 |    15 ||    25
       Scroll            |       |       |     9 |    11 |     8 ||    28
  Eat: Chunk             |    10 |     5 |    10 |    33 |    39 ||    97
Armor: Scale mail        |    81 |    61 |    87 |   167 |   282 ||   678
       Skin              |       |       |     3 |     6 |       ||     9
       Troll leather arm |       |       |       |       |    54 ||    54
Dodge: Dodged            |    61 |    52 |   175 |   398 |   829 ||  1515
       Deflected         |       |     4 |       |       |       ||     4
Block: Shield            |    79 |    92 |    37 |       |       ||   208
       Buckler           |       |       |    86 |   170 |   463 ||   719
       Other             |       |       |       |       |     7 ||     7
       Reflection        |       |       |       |       |     4 ||     4
